 Dungeon Crawl Stone Soup version 0.31-a0-1206-g41278d8d1d (webtiles) character file.

Game seed: 15973130887952630713

49 olourkin the Trooper (level 3, -5/34 HPs)
             Began as a Minotaur Fighter on Dec 14, 2023.
             Slain by a gnoll
             ... wielding a +0 flail
              (9 damage)
             ... on level 2 of the Dungeon.
             The game lasted 00:04:15 (749 turns).

olourkin the Trooper (Minotaur Fighter)              Turns: 749, Time: 00:04:16

Health: -5/34      AC:  7    Str: 22    XL:     3   Next: 53%
Magic:  2/2        EV:  9    Int:  5    God:
Gold:   35         SH:  5    Dex: 15    Spells: 2/2 levels left

rFire   . . .        a - +0 war axe
rCold   . . .        c - +0 buckler
rNeg    . . .        b - +0 scale mail
rPois   .            (helmet restricted)
rElec   .            (no cloak)
rCorr   .            (no gloves)
SInv    .            (no boots)
Will    .....        (no amulet) Stlth
                     g - +6 ring of dexterity
HPRegen 0.25/turn    (no ring)
MPRegen 0.08/turn

%: no passive effects
@: no status effects
A: horns 2, retaliatory headbutt
a: no special abilities


You were on level 2 of the Dungeon.
You visited 1 branch of the dungeon, and saw 2 of its levels.

You collected 35 gold pieces.

Inventory:

Hand Weapons
 a - a +0 war axe (weapon)
Missiles
 e - 16 stones
Armour
 b - a +0 scale mail (worn)
 c - a +0 buckler (worn)
Jewellery
 g - a +6 ring of dexterity (left hand)
Scrolls
 f - a scroll of identify {unknown}
 i - a scroll of vulnerability {unknown}
Potions
 d - a potion of might
 h - a potion of attraction {unknown}


   Skills:
 * Level 4.3 Fighting
 * Level 3.4 Axes
 + Level 4.0 Armour
 + Level 4.0 Shields


You had 2 spell levels left.
You didn't know any spells.
Your spell library was empty.

Dungeon Overview and Level Annotations

Branches:
Dungeon (2/15)

Altars:


Innate Abilities, Weirdness & Mutations

You have a pair of horns on your head.
You reflexively headbutt those who attack you in melee.


Message History

There is a stone staircase leading down here.
Done exploring.
Done exploring.
Search for what [? for help]? .
There is a stone staircase leading down here.
You climb downwards.
There is a stone staircase leading up here.
A gnoll comes into view. It is wielding a +0 whip.
The gnoll shouts!
A gnoll comes into view. It is wielding a +0 spear.
The gnoll shouts!
A gnoll comes into view. It is wielding a +0 flail.
The gnoll shouts!
There is a stone staircase leading up here.
You barely miss the gnoll. You slash the gnoll!
The gnoll is almost dead.
You block the gnoll's attack. x2
You slash the gnoll!
You kill the gnoll!
The gnoll hits you from afar with a +0 spear.
The gnoll closely misses you.
Your Armour skill increases to level 4!
Your Shields skill increases to level 4!
You closely miss the gnoll. The gnoll hits you but does no damage.
You hit the gnoll.
The gnoll is moderately wounded.
The gnoll hits you with a +0 flail.
The gnoll hits you from afar with a +0 spear.
You closely miss the gnoll. Your headbutt misses the gnoll.
The gnoll is moderately wounded.
The gnoll completely misses you.
The gnoll hits you from afar with a +0 spear!
* * * LOW HITPOINT WARNING * * *
The gnoll hits you with a +0 flail!
* * * LOW HITPOINT WARNING * * *
The gnoll hits you from afar with a +0 spear.
* * * LOW HITPOINT WARNING * * *
The gnoll hits you with a +0 flail!
You die...

#.....#
#.....#
#.....#
#.....#
#.....#
#.....#
#....g#
#.....#
#...g@#
#.....#
#######


You could see 2 gnolls.

Vanquished Creatures
  A gnoll (D:2)
  A dart slug (D:1)
  2 ball pythons (D:1)
  3 bats (D:1)
  2 endoplasms (D:1)
  2 giant cockroaches (D:1)
  4 goblins (D:1)
  2 hobgoblins (D:1)
  5 jackals (D:1)
  3 kobolds (D:1)
  2 quokkas (D:1)
  3 frilled lizards (D:1)
  2 rats (D:1)
32 creatures vanquished.

Notes
Turn   | Place    | Note
-------+----------+-------------------------------------------
     0 | D:1      | olourkin the Minotaur Fighter began the quest for the Orb.
     0 | D:1      | Reached XP level 1. HP: 19/19 MP: 0/0
   148 | D:1      | Reached XP level 2. HP: 27/27 MP: 1/1
   420 | D:1      | Reached XP level 3. HP: 33/33 MP: 2/2
   749 | D:2      | Slain by a gnoll

Illustrated notes

Levels and vault maps discovered:
D:1:      evilmike_arrival_rings, layout_basic, chequers_serial_rivers_micro_e,
          hangedman_decor_points, hangedman_glass_teeth, minmay_tetromino_i2
D:2:      cheibrodos_helix_gallery, layout_basic, chequers_big_river

Skill      XL: |  1  2  3 |
---------------+----------+-----
Fighting       | 4 |  4.3
Axes           | 3 |  3.4
Armour         | 4 |  4.0
Shields        | 4 |  4.0

Action                     || total
---------------------------++-------
  Melee: War axe           ||    57
         Headbutt          ||     8
 Armour: Scale mail        ||    34
  Dodge: Dodged            ||    12
  Block: Buckler           ||    17

Table legend: (Time is in decaauts)
 A = Elapsed time spent in this place.
 B = Non-inter-level travel time spent in this place.
 C = Inter-level travel time spent in this place.
 D = Time resting spent in this place.
 E = Time spent auto-exploring this place.
 F = Levels seen in this place.
 G = Mean time per level.
                   A        B        C        D        E       F      G
               +--------+--------+--------+--------+--------+-----+--------+
         Total |    769 |    758 |     11 |      0 |    531 |   2 |  384.5 |
       Dungeon |    769 |    758 |     11 |      0 |    531 |   2 |  384.5 |
               +--------+--------+--------+--------+--------+-----+--------+

Top non-repeatable levels by time:
     D:1: 751 daAuts
     D:2: 17 daAuts
